 Dungeon Crawl Stone Soup version 0.29.1-2-gbd0b4ee654 (webtiles) character file.

Game seed: 1582838627509810502

42 Sambug2000 the Shield-Bearer (level 3, -3/33 HPs)
             Began as a Hill Orc Fighter on Dec 1, 2022.
             Was an Initiate of Gozag.
             Killed from afar by Ijyb (14 damage)
             ... with a bolt of acid
             ... on level 3 of the Dungeon.
             The game lasted 00:08:49 (3924 turns).

Sambug2000 the Shield-Bearer (Hill Orc Fighter)     Turns: 3924, Time: 00:08:49

Health: -3/33      AC: 11    Str: 19 (20) XL:     3   Next: 56%
Magic:  3/3        EV:  5    Int:  7 (8)  God:    Gozag
Gold:   186        SH:  4    Dex:  9 (10) Spells: 2/2 levels left

rFire   . . .      SeeInvis .   a - +0 war axe
rCold   . . .      Faith    .   c - +0 buckler
rNeg    . . .      Spirit   .   j - +0 plate armour
rPois   .          Reflect  .   (no helmet)
rElec   .          Harm     .   (no cloak)
rCorr   .          Rampage  .   (no gloves)
Will    .....                   (no boots)
Stlth   ..........              (no amulet)
HPRegen 0.11/turn               (no ring)
MPRegen 0.08/turn               (no ring)

@: no status effects
A: no striking features
a: Renounce Religion, Potion Petition, Call Merchant, Bribe Branch


You were on level 3 of the Dungeon.
You worshipped Gozag.
Gozag was aware of your devotion.
You visited 1 branch of the dungeon, and saw 3 of its levels.

You collected 186 gold pieces.

Inventory:

Hand Weapons
 a - a +0 war axe (weapon)
 e - a +0 short sword
 g - a +0 dagger
Missiles
 f - 2 poisoned darts (quivered)
Armour
 b - a +0 scale mail
 c - a +0 buckler (worn)
 j - a +0 plate armour (worn)
Potions
 d - a potion of might
 h - a potion of heal wounds
 i - a potion of lignification


   Skills:
 + Level 3.8 Fighting
 + Level 3.5 Axes
 + Level 3.7 Armour
 + Level 0.1 Dodging
 + Level 0.4 Stealth
 + Level 3.8 Shields


You had 2 spell levels left.
You didn't know any spells.
Your spell library was empty.

Dungeon Overview and Level Annotations

Branches:
Dungeon (3/15)

Altars:
Gozag

Annotations:
D:3 Ijyb


Message History

You see here a +0 spear.
A rat comes into view.
Found a whip.
You block the rat's attack.
You see here a +0 whip.
You hit the rat.
You kill the rat!
You now have 186 gold pieces (gained 8).
Ijyb the Twisted Goblin comes into view.
She is wielding a +0 club and carrying a wand of acid (10).
You hit Ijyb but do no damage. Ijyb hits you but does no damage. x2
You hit Ijyb but do no damage. You block Ijyb's attack.
You slash Ijyb!
Ijyb is moderately wounded.
Ijyb barely misses you.
You barely miss Ijyb.
Ijyb is moderately wounded.
Ijyb zaps a wand.
The bolt of acid hits you! Ijyb hits you but does no damage.
You slash Ijyb!
Ijyb is heavily wounded.
Ijyb zaps a wand.
The bolt of acid hits you.
You closely miss Ijyb.
Ijyb is heavily wounded.
Ijyb hits you but does no damage.
You closely miss Ijyb.
Ijyb is heavily wounded.
Ijyb barely misses you. Ijyb hits you with a +0 club.
You closely miss Ijyb.
Ijyb is heavily wounded.
Ijyb hits you but does no damage.
You hit Ijyb but do no damage.
Ijyb is heavily wounded.
Ijyb hits you with a +0 club.
You barely miss Ijyb.
Ijyb is heavily wounded.
Ijyb hits you but does no damage. x2
You barely miss Ijyb.
Ijyb is heavily wounded.
Ijyb zaps a wand.
The bolt of acid hits you!
You die...
Your body crumbles into a pile of gold.

#.# #.#
#.#
#.#####
#.#
#......
#.#
#######
#.# #
#.# #
#.# #
##.#####
#
#..@g..#
#
######.#
# # #
######
.......
.......
.......
.######


You could see Ijyb.

Vanquished Creatures
  An adder (D:3)
  A worm (D:2)
  A dart slug (D:2)
  4 ball pythons (D:1)
  A bat (D:1)
  4 endoplasms
  4 goblins
  4 jackals (D:3)
  3 frilled lizards (D:1)
  3 rats
26 creatures vanquished.

Notes
Turn   | Place    | Note
-------+----------+-------------------------------------------
     0 | D:1      | Sambug2000 the Hill Orc Fighter began the quest for the
                  | Orb.
     0 | D:1      | Reached XP level 1. HP: 19/19 MP: 1/1
   431 | D:1      | Found a faded altar of an unknown god.
   446 | D:1      | Prayed at the altar of an unknown god.
   446 | D:1      | Became a worshipper of Gozag Ym Sagoz the Greedy
   551 | D:1      | Reached XP level 2. HP: 24/27 MP: 2/2
  1270 | D:1      | You fall into a shaft and drop 1 floor!
  3518 | D:3      | Reached XP level 3. HP: 31/33 MP: 3/3
  3912 | D:3      | Noticed Ijyb
  3924 | D:3      | Killed from afar by Ijyb

Illustrated notes

Levels and vault maps discovered:
D:1:      sevenhm_arrival_forest_fort_large_2, layout_basic,
          shapermc_ecumenical_altar_starsandcircs, wad_floor_pattern_untrapped,
          kennysheep_another_room, chequers_serial_rivers_micro_e
D:2:      layout_loops_corners, minmay_parallelograms, chequers_mini_garden,
          minmay_surrounded
D:3:      layout_basic, nicolae_kikubaaqudgha_miasma_corner, serial_shops,
          shop_fountains, uniq_ijyb, uniq_natasha

Skill      XL: |  1  2 |
---------------+-------+-----
Axes           | 3 |  3.5
Fighting       | |  3.8
Armour         | |  3.7
Dodging        | |  0.1
Stealth        | |  0.4
Shields        | |  3.8

Action                   || total
-------------------------++-------
Melee: War axe           ||    86
  Use: Potion            ||     5
       Scroll            ||     2
Armor: Scale mail        ||    30
       Plate armour      ||     7
Dodge: Dodged            ||    40
Block: Buckler           ||    20
